 Dungeon Crawl Stone Soup version 0.28.0-43-g3370ac3207 (webtiles) character file.

Game seed: 2458603332781314829

816 tizbic2 the Ruffian (level 7, -8/59 HPs)
             Began as a Minotaur Transmuter on Mar 12, 2022.
             Was an Initiate of Cheibriados.
             Mangled by an ogre
             ... wielding a +0 giant club
              (22 damage)
             ... on level 5 of the Dungeon.
             The game lasted 00:17:34 (3994 turns).

tizbic2 the Ruffian (Minotaur Transmuter)           Turns: 3994, Time: 00:17:34

Health: -8/59      AC:  7    Str: 21    XL:     7   Next: 62%
Magic:  10/10      EV: 12    Int: 15    God:    Cheibriados [......]
Gold:   189        SH:  0    Dex: 12    Spells: 6/11 levels left

rFire   . . .      SeeInvis .   j - +6 trident of Ymma Dui {freeze, *Corrode rPois rC+++ Int+2}
rCold   + + +      Faith    .   (no shield)
rNeg    . . .      Spirit   .   a - +0 ring mail
rPois   +          Reflect  .   (helmet restricted)
rElec   .          Harm     .   h - +0 cloak
rCorr   .          Rampage  .   (no gloves)
Will    .....                   n - +0 pair of boots
Stlth   +.........              (no amulet)
HPRegen 0.19/turn               k - +6 ring of strength
MPRegen 0.12/turn               (no ring)

@: very slow
A: horns 2, retaliatory headbutt
a: Renounce Religion


You were on level 5 of the Dungeon.
You worshipped Cheibriados.
Cheibriados was noncommittal.
You visited 2 branches of the dungeon, and saw 6 of its levels.
You also visited: Sewer.

You collected 189 gold pieces.

Inventory:

Hand Weapons
 c - a +2 short sword of electrocution
 j - the +6 trident of Ymma Dui (weapon) {freeze, *Corrode rPois rC+++ Int+2}
   (You found it on level 2 of the Dungeon)

   It freezes those it strikes, dealing additional cold damage.
   It can also slow down cold-blooded creatures.
   Int:       It affects your intelligence (+2).
   rC:        It renders you almost immune to cold.
   rPois:     It protects you from poison.
   *Corrode:  It may corrode you when you take damage.
 v - a +1 shortbow of flaming
Missiles
 e - 170 stones
 g - 2 poisoned darts (quivered)
 w - 14 arrows
Armour
 a - a +0 ring mail (worn)
 h - a +0 cloak (worn)
 n - a +0 pair of boots (worn)
 t - a +0 plate armour
Jewellery
 k - a +6 ring of strength (left hand)
 s - a ring of poison resistance
Scrolls
 i - a scroll of teleportation
 o - a scroll of magic mapping {unknown}
 p - 2 scrolls of noise
Potions
 d - a potion of lignification {unknown}
 f - 2 potions of invisibility {unknown}
 r - 2 potions of heal wounds {unknown}
 u - a potion of curing {unknown}


   Skills:
 + Level 4.0 Fighting
 * Level 0.2 Polearms
 + Level 4.4 Dodging
 + Level 4.8 Unarmed Combat
 + Level 2.9 Spellcasting
 + Level 4.3 Transmutations
 + Level 0.0 Poison Magic
 * Level 0.0 Invocations


You had 6 spell levels left.
You knew the following spells:

 Your Spells              Type           Power      Damage    Failure   Level
a - Spider Form           Tmut/Pois      8%         N/A       38%         3
b - Wereblood             Tmut           15%        N/A       9%          2

Your spell library contained the following spells:

 Spells                   Type           Power      Damage    Failure   Level
 Beastly Appendage        Tmut           30%        N/A       6%          1
 Foxfire                  Conj/Fire      8%         2x1d4     34%         1
 Conjure Flame            Conj/Fire      2%         6-21      71%         3
 Inner Flame              Hex/Fire       2%         N/A       71%         3
 Ice Form                 Ice/Tmut       8%         N/A       80%         4
 Flame Wave               Conj/Fire      2%         2d4       98%         4


Dungeon Overview and Level Annotations

Branches:
Dungeon (5/15)             Temple (1/1) D:5           Sewer (visited)

Altars:
Ashenzari
Cheibriados
Elyvilon
Fedhas
Gozag
Hepliaklqana
Kikubaaqudgha
Makhleb
Nemelex Xobeh
Okawaru
Qazlal
Ru
Sif Muna
Trog
Uskayaw
Vehumet
Xom
Zin

Shops:
D:3 :   D:5 (


Innate Abilities, Weirdness & Mutations

You have a pair of horns on your head.
You reflexively headbutt those who attack you in melee.


Message History

There is a stormy altar of Qazlal here.
There is a stormy altar of Qazlal here.
Found a sacrificial altar of Ru.
Found a shimmering altar of Xom.
Found a snail-covered altar of Cheibriados.
Found a sparkling altar of Nemelex Xobeh.
There is a snail-covered altar of Cheibriados here.
You kneel at the altar of Cheibriados.
You kneel at the altar of Cheibriados.
Cheibriados welcomes you!
Cheibriados begins to support your attributes as your movement slows.
Cheibriados is now slowing the effects of poison on you.
There is a staircase back to the Dungeon here.
Okay, then.
You can't go down here!
You climb upwards.
Welcome back to the Dungeon!
There is a staircase to the Ecumenical Temple here.
You open the door.
There is an open door here.
An ogre comes into view. It is wielding a +0 giant club.
The ogre shouts!
The ogre moves out of view.
You open the door. You hit the ogre. You freeze the ogre.
The ogre is lightly wounded.
The ogre hits you with a +0 giant club!
You barely miss the ogre.
The ogre is lightly wounded.
The ogre hits you with a +0 giant club!
You closely miss the ogre.
The ogre is lightly wounded.
The ogre hits you with a +0 giant club!!
* * * LOW HITPOINT WARNING * * *
You puncture the ogre! You freeze the ogre.
The ogre is severely wounded.
The ogre misses you.
You barely miss the ogre.
The ogre is severely wounded.
The ogre hits you with a +0 giant club!!
You die...

# #......# #
#......# #
#......#
#......#
#......#
#......####
#.........#
#.........#
#....@O...#
#####'###....
#.# ... ...
.. ... .
....# ....#
###..#


You could see an ogre.

Vanquished Creatures
  A water moccasin (Sewer)
  A sky beast (D:5)
  An ogre (D:5)
  A centaur (D:5)
  3 jellies (D:5)
  Crazy Yiuf (D:2)
  A gnoll shaman (D:5)
  Jessica (D:2)
  2 iguanas
  2 orc wizards
  5 gnolls (D:5)
  2 adders
  A white imp (D:5)
  2 ufetubi
  An adder zombie (D:5)
  2 worms (D:2)
  3 dart slugs
  9 orcs
  6 bats
  5 endoplasms
  8 giant cockroaches
  2 goblins
  12 hobgoblins
  5 kobolds
  4 quokkas
  4 ball pythons
  3 frilled lizards
  6 rats
94 creatures vanquished.

Vanquished Creatures (others)
  20 plants (D:3)
20 creatures vanquished.

Grand Total: 114 creatures vanquished

Notes
Turn   | Place    | Note
-------+----------+-------------------------------------------
     0 | D:1      | tizbic2 the Minotaur Transmuter began the quest for the
                  | Orb.
     0 | D:1      | Reached XP level 1. HP: 16/16 MP: 1/1
   165 | D:1      | Reached XP level 2. HP: 16/23 MP: 3/3
   689 | D:2      | Reached XP level 3. HP: 25/29 MP: 4/4
   893 | D:2      | Found a runed translucent door.
   894 | D:2      | Noticed Crazy Yiuf
   943 | D:2      | Killed Crazy Yiuf
   944 | D:2      | Reached XP level 4. HP: 36/36 MP: 2/6
  1084 | D:2      | Noticed Jessica
  1096 | D:2      | Killed Jessica
  1116 | D:2      | Identified the +6 trident of Ymma Dui {freeze, *Corrode
                  | rPois rC+++ Int+2}
  1129 | D:2      | Learned a level 2 spell: Wereblood
  1610 | D:3      | Found Hutrutid's Book Emporium.
  1715 | D:3      | Found a glowing drain.
  1736 | D:3      | Reached XP level 5. HP: 41/41 MP: 7/7
  1738 | Sewer    | Entered a sewer
  1759 | Sewer    | Noticed a water moccasin
  1763 | Sewer    | Killed a water moccasin
  1867 | D:3      | Reached XP level 6. HP: 38/50 MP: 8/8
  2727 | D:4      | Found an ancient bone altar of Kikubaaqudgha.
  2727 | D:4      | Found a bloodstained altar of Trog.
  2729 | D:4      | Found an iron altar of Okawaru.
  2729 | D:4      | Found a radiant altar of Vehumet.
  2847 | D:5      | Entered Level 5 of the Dungeon
  2860 | D:5      | Found Wipiah's Antique Weapon Shoppe.
  2870 | D:5      | Noticed a sky beast
  3328 | D:5      | Killed a sky beast
  3329 | D:5      | Reached XP level 7. HP: 57/57 MP: 8/10
  3829 | D:5      | Learned a level 3 spell: Spider Form
  3860 | D:5      | Found a staircase to the Ecumenical Temple.
  3865 | Temple   | Entered the Ecumenical Temple
  3945 | Temple   | Became a worshipper of Cheibriados the Contemplative
  3994 | D:5      | Mangled by an ogre

Illustrated notes

Levels and vault maps discovered:
D:1:      roderic_chinese_lattice_arrival, layout_basic,
          ebering_ecumenical_altar_ruins
D:2:      layout_loops_ring, grunt_ministairs_2, serial_bayou_crossing,
          uniq_crazy_yiuf_cottage, uniq_jessica
D:3:      layout_rooms, portal_sewer_entry_f, serial_curves, eino_curves_01,
          eino_curves_02, serial_shops, nicolae_shop_waterfront,
          kennysheep_boxes
D:4:      layout_basic, mainiacjoe_overflow_alcove_3
D:5:      layout_basic, temple_doors_e, gammafunk_ghost_necromancy,
          nicolae_inconvenience_store, nicolae_shop_fire_sale
          [nicolae_sub_dead_trees], bh_walls_and_bars
Temple:   jpeg_temple_clearing

Skill      XL: |  1  2  3  4  5  6  7 |
---------------+----------------------+-----
Transmutations | 2 3 4 |  4.3
Fighting       | 2 3 4 |  4.0
Spellcasting   | 2 |  2.9
Dodging        | 3 4 |  4.4
Unarmed Combat | 4 |  4.8
Polearms       | |  0.2

Action                   |  1- 3 |  4- 6 |  7- 9 || total
-------------------------+-------+-------+-------++-------
Melee: Short sword       |    43 |       |       ||    43
       Headbutt          |     5 |     3 |     5 ||    13
       Mace              |     1 |       |       ||     1
       Trident           |       |    79 |    28 ||   107
       Quarterstaff      |       |     9 |       ||     9
Throw: Stone             |       |    19 |       ||    19
       Dart              |       |     3 |       ||     3
 Cast: Beastly Appendage |     5 |       |       ||     5
       Wereblood         |       |     1 |     1 ||     2
  Use: Scroll            |       |     1 |     3 ||     4
       Potion            |       |       |     1 ||     1
Armor: Robe              |     5 |     1 |       ||     6
       Ring mail         |       |    26 |     4 ||    30
Dodge: Dodged            |    32 |    42 |    30 ||   104
